 Dungeon Crawl Stone Soup version 0.19.5-1-g796a6487f8 (webtiles) character file.

7060 Chimkentus the Stinger (level 11, 0/60 HPs)
             Began as an Octopode Venom Mage on Dec 2, 2023.
             Was a Priest of Hepliaklqana.
             Slain by an unseen horror (6 damage)
             ... on level 10 of the Dungeon.
             The game lasted 01:15:17 (10020 turns).

Chimkentus the Stinger (Octopode Venom Mage)       Turns: 10020, Time: 01:15:17

Health: 0/60       AC:  1    Str: 11    XL:     11   Next: 9%
Magic:  21/21      EV: 14    Int: 19    God:    Hepliaklqana [***...]
Gold:   533        SH:  6    Dex: 13    Spells: 4 memorised, 9 levels left

rFire  x . .     SeeInvis .     J - +5 war axe (elec)
rCold  + . .     Gourm    .     Q - +3 buckler
rNeg   + . .     Faith    .     (helmet restricted)
rPois  .         Spirit   .     (no amulet)
rElec  .         Reflect  .     m - +2 ring of strength
rCorr  +         Harm     .     u - ring of resist corrosion
MR     .....                    w - ring of flight
Stlth  ++++......               A - ring of positive energy
                                F - ring of ice
                                (no ring)
                                (no ring)
                                (no ring)

@: no status effects
A: almost no armour, stealthy swim, amphibious, 8 rings, constrict 8, reduced
essence, camouflage 1, gelatinous body 1
a: Recall Ancestor, Ancestor Identity, Transference, Renounce Religion, Evoke
Flight


You were on level 10 of the Dungeon.
You worshipped Hepliaklqana.
Hepliaklqana was most pleased with you.
You were not hungry.

You visited 2 branches of the dungeon, and saw 11 of its levels.

You collected 572 gold pieces.
You spent 39 gold pieces at shops.

Inventory:

Hand Weapons
 n - a +0 hunting sling
 y - the +12 quarterstaff "Laophar" {crush, Int+9, unknown}
   (You found it on level 8 of the Dungeon)

   It inflicts extra damage upon your enemies.
   It affects your intelligence (+9).
 z - a +0 short sword of speed
 J - a +5 war axe of electrocution (weapon)
 M - a +1 dire flail of protection
 N - a +0 blowgun
 T - a +2 battleaxe of flaming
 W - a +2 quarterstaff of chaos
Missiles
 f - 316 arrows
 i - 116 bolts
 r - 17 tomahawks (quivered)
 v - 9 javelins
 D - 153 sling bullets
Armour
 Q - a +3 buckler (worn)
Jewellery
 m - a +2 ring of strength (left tentacle)
 u - a ring of resist corrosion (right tentacle)
 w - a ring of flight (on tentacle)
 A - a ring of positive energy (on tentacle)
 F - a ring of ice (on tentacle)
Wands
 e - a wand of acid (11/15)
 x - a wand of slowing (0/48)
 E - a wand of confusion (17/48)
 V - a wand of disintegration (11/24)
 Y - a wand of random effects (11/48)
Scrolls
 c - 13 scrolls of remove curse
 g - a scroll of amnesia
 j - 6 scrolls of teleportation
 k - a scroll of holy word {unknown}
 C - a scroll of noise
 I - a scroll of recharging {unknown}
 Z - a scroll of random uselessness {unknown}
Potions
 d - 3 potions of flight
 q - a potion of brilliance
 s - 2 potions of lignification
 G - a potion of magic
 H - 3 potions of invisibility
 L - 2 potions of agility
 P - 4 potions of curing
 R - 3 potions of heal wounds
 U - a potion of haste
Books
 a - a Young Poisoner's Handbook

   Spells                             Type                      Level
   a - Sting                          Conjuration/Poison           1
   b - Mephitic Cloud                 Conjuration/Poison/Air       3
   c - Olgreb's Toxic Radiance        Poison                       4
   d - Alistair's Intoxication        Transmutation/Poison         5
   e - Venom Bolt                     Conjuration/Poison           5
 t - a book of Misfortune

   Spells                             Type                      Level
   a - Confusing Touch                Hexes                        1
   b - Confuse                        Hexes                        3
   c - Gell's Gravitas                Hexes/Translocation          3
   d - Petrify                        Transmutation/Earth          4
   e - Metabolic Englaciation         Hexes/Ice                    5
   f - Yara's Violent Unravelling     Hexes/Transmutation          5
 B - a book of Cantrips

   Spells                             Type                      Level
   a - Confusing Touch                Hexes                        1
   b - Animate Skeleton               Necromancy                   1
   c - Summon Small Mammal            Summoning                    1
   d - Apportation                    Translocation                1
Miscellaneous
 l - a disc of storms
Comestibles
 b - 5 bread rations
 h - a chunk of flesh
 o - 2 slices of pizza
 K - 8 fruits
 O - 3 meat rations


   Skills:
 + Level 3.4 Fighting
 + Level 5.2(5.4) Axes
 + Level 2.2(4.0) Maces & Flails
 + Level 0.2(0.6) Slings
 + Level 1.0 Throwing
 + Level 3.3 Dodging
 + Level 6.2 Stealth
 + Level 0.8 Shields
 * Level 6.9 Spellcasting
 + Level 5.0 Conjurations
 * Level 5.3 Hexes
 * Level 4.8 Transmutations
 + Level 2.2 Air Magic
 + Level 0.8 Earth Magic
 + Level 7.9 Poison Magic
 * Level 6.1 Invocations
 + Level 0.2 Evocations


You had 9 spell levels left.
You knew the following spells:

 Your Spells              Type           Power        Failure   Level  Hunger
b - Mephitic Cloud        Conj/Pois/Air  ####....     8%          3    #......
c - Olgreb's Toxic Radia  Pois           #####...     8%          4    ###....
d - Confuse               Hex            ####....     6%          3    #......
e - Petrify               Tmut/Erth      ###.....     50%         4    ###....


Dungeon Overview and Level Annotations

Branches:
Dungeon (10/15)            Temple (1/1) D:7
   Lair: D:8-11         Orc: D:9-12

Altars:
Ashenzari
Cheibriados
Dithmenos
Elyvilon
Fedhas
Gozag
Hepliaklqana
Kikubaaqudgha
Makhleb
Nemelex Xobeh
Okawaru
Qazlal
Ru
Sif Muna
Trog
Uskayaw
Vehumet
Xom
Yredelemnul
Zin
The Shining One

Shops:
D:9 *

Annotations:
D:10 Erolcha


Innate Abilities, Weirdness & Mutations

You cannot wear most types of armour.
You are very stealthy in the water. (Stealth+)
You are amphibious.
You can wear up to eight rings at the same time.
You can use your tentacles to constrict eight enemies at once.
Your skin changes colour to match your surroundings (Stealth+).
Your rubbery body absorbs attacks. (AC +1, EV +1)
Your life essence is reduced. (-10% HP)


Message History

Things that are here:
a dagger; a kobold corpse You slash the wyvern skeleton!
The wyvern skeleton is moderately damaged.
Something hits Audrea! x2
Audrea is destroyed!
The wyvern skeleton bites you!
* * * LOW HITPOINT WARNING * * *
You hit the wyvern skeleton.
There is a sudden explosion of sparks!
You squeeze the wyvern skeleton.
The wyvern skeleton is almost destroyed.
The wyvern skeleton bites you.
* * * LOW HITPOINT WARNING * * *
The wyvern skeleton closely misses you. Something hits you!
* * * LOW HITPOINT WARNING * * *
You barely miss something. Your squeeze misses something.
You slash the wyvern skeleton!
You destroy the wyvern skeleton!
Something hits you.
You die...

#..#.....# ..
######..##.......##.. .
#........# #..#...... ..
#........# #......#..
...#%.......###..##....#
.......................
#.........#.)..)....†
#...........#.#).....
#...@{.....##(#.†....
#..........##(##.....
.........(....##(##.....
###..#........##(##.)(..
##..........##.##..(..
###.......###........
###.#.### ####.....
#...# ######


There were no monsters in sight!

Vanquished Creatures
  2 yaks (D:9)
  The ghost of Zorot the Ruffian, an amateur VSMo (D:4)
  Duvessa (D:4)
  4 orc warriors
  A black bear (D:9)
  3 phantoms
  3 ice beasts
  2 sky beasts
  5 centaurs
  4 ogres
  Blork the orc (D:5)
  5 bullfrogs
  A wyvern skeleton (D:10)
  Dowan (D:4)
  3 scorpions
  4 howler monkeys
  A centaur zombie (D:7)
  4 crimson imps
  3 jellies
  3 hounds
  Crazy Yiuf (D:7)
  A bullfrog skeleton (D:7)
  3 orc priests
  9 orc wizards
  2 iguanas
  8 worker ants
  A hound skeleton (D:8)
  A worker ant zombie (D:6)
  Robin (D:4)
  A howler monkey skeleton (D:6)
  8 adders
  3 shadow imps
  2 oozes
  An adder zombie (D:7)
  2 adder skeletons
  6 leopard geckos
  33 orcs
  A ball python (D:1)
  8 giant cockroaches
  8 goblins
  10 hobgoblins
  10 jackals
  3 quokkas
  5 bats
  3 frilled lizards
  A jackal skeleton (D:8)
  A jackal zombie (D:7)
  11 kobolds
  4 rats
  3 butterflies (D:5)
203 creatures vanquished.

Vanquished Creatures (collateral kills)
  The ghost of magog001 the Carver, a journeyman MiMo of Nemelex Xobeh (D:10)
  A hippogriff (D:9)
  2 yaks (D:9)
  Menkaure (D:6)
  An orc warrior (D:9)
  A black bear (D:8)
  2 ice beasts
  A sky beast (D:9)
  A phantom (D:5)
  3 ogres
  A big kobold (D:10)
  A bullfrog (D:8)
  A scorpion (D:10)
  A howler monkey (D:4)
  3 crimson imps
  A centaur zombie (D:8)
  A jelly (D:7)
  2 orc wizards
  An iguana (D:9)
  2 worker ants
  Natasha (D:4)
  A hound zombie (D:8)
  3 adders
  A worm (D:4)
  4 orcs
  2 giant cockroaches (D:5)
  4 goblins (D:4)
  A hobgoblin (D:4)
  A quokka (D:8)
  2 kobolds (D:10)
  2 butterflies (D:8)
50 creatures vanquished.

Vanquished Creatures (others)
  A battlemage (D:10)
  A worker ant (D:5)
  6 ancestors
  An orc (D:10)
9 creatures vanquished.

Grand Total: 262 creatures vanquished

Notes
Turn   | Place    | Note
-------+----------+-------------------------------------------
     0 | D:1      | Chimkentus the Octopode Venom Mage began the quest for the Orb.
     0 | D:1      | Reached XP level 1. HP: 11/11 MP: 3/3
   129 | D:1      | Reached skill level 5 in Poison Magic
   374 | D:1      | Reached XP level 2. HP: 17/17 MP: 3/5
   819 | D:2      | Reached XP level 3. HP: 15/21 MP: 2/6
   900 | D:2      | Learned a level 3 spell: Mephitic Cloud
   911 | D:2      | Reached skill level 1 in Conjurations
  1304 | D:3      | Found a burning altar of Makhleb.
  1383 | D:3      | Reached XP level 4. HP: 27/27 MP: 3/7
  1797 | D:3      | Reached skill level 6 in Poison Magic
  2077 | D:4      | Reached XP level 5. HP: 31/32 MP: 1/8
  2083 | D:4      | Learned a level 4 spell: Olgreb's Toxic Radiance
  2110 | D:4      | Reached skill level 1 in Maces & Flails
  2190 | D:4      | Noticed a centaur
  2197 | D:4      | Killed a centaur
  2197 | D:4      | Reached XP level 6. HP: 37/37 MP: 3/10
  2203 | D:4      | Noticed Duvessa
  2207 | D:4      | Noticed Dowan
  2224 | D:4      | Killed Duvessa
  2224 | D:4      | Reached skill level 1 in Fighting
  2409 | D:4      | Killed Dowan
  2658 | D:4      | Found a hazy altar of Hepliaklqana.
  2666 | D:4      | Became a worshipper of Hepliaklqana the Forgotten
  2801 | D:4      | Reached XP level 7. HP: 38/38 MP: 9/11
  2808 | D:4      | Noticed Natasha
  2826 | D:4      | Killed Natasha
  2909 | D:4      | Noticed Robin
  2933 | D:4      | Killed Robin
  3054 | D:4      | Reached skill level 1 in Invocations
  3099 | D:4      | Noticed Zorot's ghost (amateur VSMo)
  3115 | D:5      | Entered Level 5 of the Dungeon
  3146 | D:5      | Learned a level 3 spell: Confuse
  3343 | D:5      | Reached skill level 7 in Poison Magic
  3599 | D:5      | Reached skill level 1 in Hexes
  3724 | D:5      | Reached XP level 8. HP: 13/43 MP: 3/14
  3964 | D:5      | Learned a level 4 spell: Petrify
  4152 | D:5      | Noticed Blork the orc
  4176 | D:5      | Killed Blork the orc
  4211 | D:5      | Found a runed door.
  4230 | D:5      | Found a runed door.
  4352 | D:5      | Reached * piety under Hepliaklqana
  4379 | D:5      | Reached skill level 1 in Transmutations
  4415 | D:5      | Found a faded altar of an unknown god.
  4415 | D:5      | Found a blossoming altar of Fedhas.
  4420 | D:5      | Found a faded altar of an unknown god.
  4425 | D:5      | Found a faded altar of an unknown god.
  4427 | D:5      | Found a faded altar of an unknown god.
  4526 | D:5      | Found a sparkling altar of Nemelex Xobeh.
  4793 | D:4      | Killed Zorot's ghost
  4793 | D:4      | Reached skill level 1 in Axes
  4793 | D:4      | Reached skill level 5 in Stealth
  5412 | D:6      | Reached XP level 9. HP: 39/48 MP: 6/16
  5425 | D:6      | Reached skill level 1 in Air Magic
  5478 | D:6      | Reached skill level 5 in Spellcasting
  5985 | D:6      | Reached skill level 1 in Throwing
  6433 | D:7      | Noticed Menkaure
  6437 | D:6      | Killed Menkaure
  6658 | D:7      | Found a runed door.
  6719 | D:7      | Found a deep blue altar of Sif Muna.
  6962 | D:7      | Reached XP level 10. HP: 15/54 MP: 16/18
  7641 | D:7      | Found a staircase to the Ecumenical Temple.
  7642 | D:7      | Reached ** piety under Hepliaklqana
  7650 | Temple   | Entered the Ecumenical Temple
  7777 | D:7      | Remembered your ancestor Audrea as a battlemage
  7856 | D:7      | Noticed Crazy Yiuf
  7862 | D:7      | Killed Crazy Yiuf
  8092 | D:8      | Got a bone quarterstaff
  8112 | D:8      | Found a shimmering altar of Xom.
  8209 | D:8      | Reached skill level 5 in Invocations
  8885 | D:8      | Found a bloodstained altar of Trog.
  8988 | D:9      | Reached *** piety under Hepliaklqana
  9333 | D:9      | Found Fycazoty's General Store.
  9341 | D:9      | Bought a potion of curing for 39 gold pieces
  9502 | D:10     | Entered Level 10 of the Dungeon
  9506 | D:10     | Noticed Erolcha
  9762 | D:10     | Reached skill level 5 in Hexes
  9969 | D:10     | Noticed magog001's ghost (journeyman MiMo)
  9976 | D:10     | Killed magog001's ghost
  9976 | D:10     | Reached skill level 5 in Axes
  9976 | D:10     | Reached skill level 5 in Conjurations
  9976 | D:10     | Reached XP level 11. HP: 36/60 MP: 16/21
 10020 | D:10     | Slain by an unseen horror

Skill      XL: |  1  2  3  4  5  6  7  8  9 10 |
---------------+-------------------------------+-----
Poison Magic   | 5 6 7 |  7.9
Stealth        | 3 4 5 6 |  6.2
Conjurations   | 1 2 3 4 5 |  5.0
Maces & Flails | 1 2 |  2.2
Fighting       | 1 2 3 |  3.4
Spellcasting   | 3 4 5 6 |  6.9
Invocations    | 1 3 4 6 |  6.1
Hexes          | 1 2 3 5 |  5.3
Transmutations | 2 3 4 |  4.8
Axes           | 1 3 5 |  5.2
Air Magic      | 1 2 |  2.2
Throwing       | 1 |  1.0
Dodging        | 3 |  3.3
Slings         | |  0.2
Shields        | |  0.8
Earth Magic    | |  0.8
Evocations     | |  0.2

Action                   |  1- 3 |  4- 6 |  7- 9 | 10-12 || total
-------------------------+-------+-------+-------+-------++-------
Melee: Club              |     7 |       |       |       ||     7
       Whip              |    13 |    29 |    54 |       ||    96
       Constrict         |     5 |     9 |    36 |    16 ||    66
       Tentacles         |     2 |     8 |    27 |    18 ||    55
       War axe           |       |       |   100 |   119 ||   219
 Fire: Hunting sling     |     8 |       |       |       ||     8
Throw: Stone             |     1 |       |       |       ||     1
       Tomahawk          |       |     6 |     4 |     1 ||    11
 Cast: Sting             |    53 |    46 |    66 |       ||   165
       Mephitic Cloud    |       |     4 |    33 |    13 ||    50
       Confuse           |       |       |    12 |     5 ||    17
       Petrify           |       |       |     2 |       ||     2
       Olgreb's Toxic Ra |       |       |     1 |     9 ||    10
Invok: Recall Ancestor   |       |       |     1 |     2 ||     3
       Ancestor Life: Ba |       |       |       |     1 ||     1
Evoke: Wand              |       |     2 |    13 |     1 ||    16
  Use: Scroll            |     5 |       |     5 |     7 ||    17
       Potion            |       |     1 |     4 |     1 ||     6
 Stab: Confused          |       |     2 |     4 |     2 ||     8
       Petrified         |       |       |     7 |       ||     7
       Sleeping          |       |       |     2 |     9 ||    11
       Distracted        |       |       |       |     2 ||     2
  Eat: Chunk             |     2 |     5 |    17 |    12 ||    36
Armor: Skin              |     3 |       |     5 |     2 ||    10
Dodge: Dodged            |    22 |    23 |    86 |    46 ||   177
Block: Buckler           |       |       |    12 |    32 ||    44
